 Dungeon Crawl Stone Soup version 0.28.0-53-g5a82cb258f (webtiles) character file.

Game seed: 18356775063232904226

44201 unlimited1921 the Eclecticist (level 14, -9/105 HPs)
             Began as a Djinni Fire Elementalist on June 4, 2022.
             Was an Initiate of Gozag.
             Mangled by a redback (23 damage)
             ... on level 2 of the Spider Nest.
             The game lasted 03:20:51 (24331 turns).

unlimited1921 the Eclecticist (DjFE)               Turns: 24331, Time: 03:20:51

Health: -9/105     AC:  7    Str:  7    XL:     14   Next: 64%
Gold:   1447       EV: 13    Int: 28    God:    Gozag SH:  5 Dex: 15

rFire   + . .      SeeInvis .   T - +8 flail of Conversion {flame, rF- Will+ MP+9 Int+7}
rCold   x . .      Faith    .   (no shield)
rNeg    . . .      Spirit   .   w - +0 leather armour
rPois   ∞          Reflect  +   n - +0 helmet
rElec   .          Harm     .   N - +0 cloak of Tulips {Regen+}
rCorr   .          Rampage  .   k - +0 pair of gloves
Will    +++..                   (boots unavailable)
Stlth   +++.......              z - amulet of reflection
HPRegen 1.07/turn               M - ring of willpower
MPRegen 0.00/turn               (no ring)

@: forested, gold aura, flying
A: sickness immunity, fire resistance 2, cold vulnerability 1, float, innate
caster, HP casting, extra vitality 1
a: Renounce Religion, Potion Petition, Call Merchant, Bribe Branch


You were on level 2 of the Spider Nest.
You worshipped Gozag.
Gozag was most pleased with you.
You visited 4 branches of the dungeon, and saw 18 of its levels.

You collected 4041 gold pieces.
You spent 2519 gold pieces at shops.
You paid 75 gold pieces to Gozag.

Inventory:

Hand Weapons
 T - the +8 flail of Conversion (weapon) {flame, rF- Will+ MP+9 Int+7}
   (You bought it in a shop on level 9 of the Dungeon)

   It burns those it strikes, dealing additional fire damage.
   Int:       It affects your intelligence (+7).
   rF:        It makes you vulnerable to fire.
   MP:        It affects your magic capacity (+9).
   Will:      It increases your willpower.
 V - a +1 great sword of protection
Missiles
 b - 427 stones
 i - 14 poisoned darts
 p - 8 atropa-tipped darts
 t - 122 bolts
 J - 2 throwing nets
 Q - 11 silver javelins
Armour
 k - a +0 pair of gloves (worn)
 n - a +0 helmet (worn)
 w - a +0 leather armour (worn)
 N - the +0 cloak of Tulips (worn) {Regen+}
   (You found it on level 8 of the Dungeon)

   Regen:     It increases your rate of health regeneration.
 O - a +2 scale mail of positive energy
Jewellery
 h - a ring of resist corrosion
 z - an amulet of reflection (around neck)
 C - an amulet of regeneration
 F - a ring of ice
 L - an amulet of the acrobat
 M - a ring of willpower (left hand)
 W - a ring of willpower
Wands
 m - a wand of polymorph (5)
 s - a wand of acid (3)
 u - a wand of flame (27)
 y - a wand of iceblast (20)
 H - a wand of charming (3)
 U - a wand of digging (11)
Scrolls
 d - 2 scrolls of fog
 e - a scroll of enchant armour
 f - a scroll of holy word
 g - 2 scrolls of teleportation
 o - 2 scrolls of fear
 r - 5 scrolls of noise {unknown}
 A - a scroll of magic mapping {unknown}
 D - a scroll of summoning
 I - 4 scrolls of amnesia {unknown}
 R - 4 scrolls of enchant weapon
Potions
 a - a potion of berserk rage
 c - 3 potions of lignification {unknown}
 j - 2 potions of mutation
 l - a potion of brilliance
 q - 4 potions of curing {unknown}
 v - 4 potions of heal wounds {unknown}
 x - 2 potions of invisibility
 E - 2 potions of might
 G - a potion of cancellation
 K - a potion of resistance
Miscellaneous
 B - a tin of tremorstones (2/2) (quivered)


   Skills:
 * Level 11.0 Fighting
 + Level 2.2 Long Blades
 + Level 0.2 Maces & Flails
 + Level 6.0 Armour
 + Level 4.7 Dodging
 + Level 4.5 Stealth
 + Level 2.9 Shields
 + Level 15.3 Spellcasting
 + Level 0.7 Evocations


You had 11 spell levels left.
You knew the following spells:

 Your Spells              Type           Power      Damage    Failure   Level
a - Foxfire               Conj/Fire      100%       2x1d9     0%          1
b - Scorch                Fire           100%       2d10      0%          2
c - Conjure Flame         Conj/Fire      82%        6-21      1%          3
d - Inner Flame           Hex/Fire       82%        N/A       1%          3
e - Flame Wave            Conj/Fire      82%        2d14      1%          4
f - Sandblast             Erth           100%       2d20      0%          1
g - Poisonous Vapours     Pois/Air       100%       N/A       0%          2
h - Passwall              Tmut/Erth      68%        N/A       0%          2
i - Summon Ice Beast      Ice/Summ       82%        N/A       1%          4
j - Fireball              Conj/Fire      41%        3d17      1%          5
k - Summon Forest         Summ/Tloc      41%        N/A       1%          5
Your spell library was empty.

Dungeon Overview and Level Annotations

Branches:
Dungeon (10/15)            Temple (1/1) D:7            Lair (5/6) D:10
 Shoals (0/4) Lair:4       Spider (2/4) Lair:3        Slime (0/5) Lair:5
    Orc: D:9-12

Altars:
Ashenzari
Cheibriados
Dithmenos
Elyvilon
Fedhas
Gozag
Hepliaklqana
Kikubaaqudgha
Makhleb
Nemelex Xobeh
Okawaru
Qazlal
Ru
Sif Muna
Trog
Uskayaw
Vehumet
Wu Jian
Xom
Yredelemnul
Zin
The Shining One
Jiyva

Shops:
D:3 (:(   D:9 ([?

Portals:
Abyss: D:6


Innate Abilities, Weirdness & Mutations

You are immune to sickness and miasma.
You are immune to poison.
Your flesh is very heat resistant. (rF++)
You are vulnerable to cold. (rC-)
You float through the air rather than walking.
You learn spells naturally, not from books.
Your magical power is your life essence.
You have superior vitality. (+4 MHP)


Message History

The redback completely misses you.
The tarantella is distracted by your dazzling golden aura.
The redback bites you!!
The tarantella hisses angrily.
Casting: Fireball (safe; 1% risk of failure)
Confirm with . or Enter, or press ? or * to list all spells.
A chill wind blows around you. You block the redback's attack.
The redback is distracted by your dazzling golden aura.
Casting: Summon Ice Beast (safe; 1% risk of failure)
Confirm with . or Enter, or press ? or * to list all spells.
Aiming: Poisonous Vapours (safe; 0% risk of failure)
Press: ? - help, Dir - move target, f - redback
Aim: a redback (lightly wounded, berserk, unaware, hasn't noticed you) Poisonous vapours surround the redback!
The redback looks as sick as possible!
The redback is no longer distracted by gold.
The tarantella is no longer distracted by gold.
The tarantella touches you!!
* * * LOW HITPOINT WARNING * * *
The redback bites you!
* * * LOW HITPOINT WARNING * * *
The tarantella is distracted by your dazzling golden aura.
The redback misses you.
Your ice beast closely misses the tarantella.
Press: ? - help, v - describe, . - travel, g - get item
Here: a redback (lightly wounded, berserk, extremely poisoned) Item here: 8 gold pieces.
The floor.
Casting: Poisonous Vapours (safe; 0% risk of failure)
Confirm with . or Enter, or press ? or * to list all spells.
Okay, then.
Unknown command.
Press: ? - help, v - describe, . - travel
Here: a tarantella (severely wounded, berserk, unaware, ally target, hasn't noticed you)
The floor.
As you read the scroll of fear, it crumbles to dust.
You assume a fearsome visage.
The redback is unaffected.
The tarantella is unaffected.
The redback closely misses you. The redback bites you!!
You die...
Your body crumbles into a pile of gold.

###############################
.........#..........$.♣........
.................s.♣.....}.....
................@♣§............
...............♣s..............
...............♣Y...♣.........#
...............♣............^..
..............♣...##♣..♣#......
..^.....^........♣♣####♣ .....#
.......##......#♣♣#..## ......
........##............##
........##........#....#


You could see a tarantella (berserk, unaware, ally target), a redback (berserk,
extremely poisoned) and a friendly ice beast (summoned).

Vanquished Creatures
  Agnes (Lair:3)
  An entropy weaver (Spider:2)
  2 boulder beetles
  4 hydras
  A jorogumo (Spider:2)
  A two-headed ogre (D:9)
  2 death yaks
  A sun moth (Spider:2)
  3 orb spiders
  An oklob plant (Lair:1)
  The ghost of bnorton916 the Magician, a novice DEFE of Sif Muna (D:6)
  A torpor snail (Spider:1)
  A gargoyle (D:9)
  4 cane toads
  5 black mambas
  3 komodo dragons
  3 tarantellas (Spider:1)
  9 blink frogs
  4 dream sheep (Lair:5)
  7 jumping spiders
  4 culicivoras
  A vampire (D:10)
  3 wyverns
  A shadow (D:8)
  9 redbacks
  3 basilisks
  11 yaks
  An acid dragon (D:10)
  4 water moccasins
  2 orc warriors
  2 ice beasts
  A sky beast (D:7)
  An ogre (D:5)
  2 necrophages (D:6)
  3 centaurs
  30 wolves
  2 kobold brigands
  5 bullfrogs
  4 scorpions
  A gnoll sergeant (D:5)
  3 water moccasin zombies
  Dowan (D:7)
  A water moccasin skeleton (D:5)
  8 killer bees
  3 wights (D:6)
  3 howler monkeys
  A small abomination (D:6)
  3 centaur zombies
  4 jellies (Lair:1)
  3 orc priests
  A centaur skeleton (D:4)
  A hound (D:5)
  Ijyb (D:3)
  4 bullfrog skeletons
  Natasha (thrice) (D:2)
  An iguana (D:6)
  2 hell rats (D:10)
  3 orc wizards
  A howler monkey zombie (D:5)
  6 adders
  7 gnolls
  A river rat (D:10)
  2 shadow imps (D:6)
  2 white imps (D:6)
  An ufetubus (D:6)
  4 dart slugs
  21 orcs
  3 ball pythons
  20 endoplasms
  3 giant cockroaches
  4 hobgoblins
  8 jackals
  6 quokkas
  2 bats
  3 frilled lizards
  5 goblins
  8 kobolds
  3 rats
  A butterfly (Lair:1)
302 creatures vanquished.

Vanquished Creatures (collateral kills)
  Aizul (Lair:3)
  An entropy weaver (Spider:2)
  A death yak (D:10)
  A radroach (Spider:2)
  Urug (Lair:5)
  2 sun moths
  2 wolf spiders (Spider:2)
  A moth of wrath (Spider:2)
  A torpor snail (Spider:1)
  A cane toad (Lair:4)
  A komodo dragon (Lair:5)
  2 demonic crawlers
  A polar bear (Lair:4)
  5 tarantellas (Spider:2)
  3 blink frogs
  A hornet (D:9)
  3 dream sheep (Lair:5)
  5 jumping spiders (Lair:3)
  4 culicivoras
  10 yaks
  4 redbacks
  2 water moccasins
  Duvessa (D:7)
  10 wolves
  7 bullfrogs
  A howler monkey (D:6)
  A bullfrog zombie (D:6)
  An orc wizard (D:8)
  A hell rat (D:10)
  A river rat (D:10)
  3 orcs
  An endoplasm (Lair:1)
  A quokka (D:10)
  3 foxfires
84 creatures vanquished.

Vanquished Creatures (others)
  553 foxfires
  57 fungi
  52 plants
  4 snaplasher vines
666 creatures vanquished.

Grand Total: 1052 creatures vanquished

Notes
Turn   | Place    | Note
-------+----------+-------------------------------------------
     0 | D:1      | unlimited1921 the Djinni Fire Elementalist began the quest
                  | for the Orb.
     0 | D:1      | Reached XP level 1. HP: 15/15 MP: 0/0
   849 | D:1      | Reached XP level 2. HP: 11/21 MP: 0/0
  2140 | D:1      | Reached XP level 3. HP: 22/25 MP: 0/0
  2140 | D:1      | Learned a level 1 spell: Sandblast
  2289 | D:2      | Reached skill level 3 in Spellcasting
  2407 | D:2      | Reached XP level 4. HP: 13/31 MP: 0/0
  3069 | D:2      | Noticed Natasha
  3072 | D:2      | Killed Natasha
  3073 | D:2      | Reached XP level 5. HP: 31/35 MP: 0/0
  3073 | D:2      | Learned a level 2 spell: Poisonous Vapours
  3101 | D:2      | Noticed Natasha
  3103 | D:2      | Killed Natasha
  3213 | D:2      | Noticed Natasha
  3219 | D:2      | Killed Natasha
  3220 | D:2      | Reached skill level 4 in Spellcasting
  3307 | D:2      | Found a snail-covered altar of Cheibriados.
  4254 | D:3      | Noticed an eye of devastation
  4256 | D:3      | Found a faded altar of an unknown god.
  4319 | D:3      | Noticed a floating eye
  4319 | D:3      | Noticed an eye of devastation
  4319 | D:3      | Noticed a golden eye
  4353 | D:3      | Found Ranagoy's Antique Weapon Emporium.
  4549 | D:3      | Found Weqop's Book Shoppe.
  4609 | D:3      | Found Icanimiph's Antique Weapon Boutique.
  4610 | D:3      | Noticed Ijyb
  4617 | D:3      | Killed Ijyb
  4618 | D:3      | Reached XP level 6. HP: 28/40 MP: 0/0
  5175 | D:3      | Found a broken altar of Ashenzari.
  5496 | D:4      | Reached skill level 1 in Fighting
  5831 | D:4      | Reached skill level 5 in Spellcasting
  5831 | D:4      | Reached XP level 7. HP: 38/47 MP: 0/0
  5831 | D:4      | Learned a level 2 spell: Passwall
  7163 | D:5      | Entered Level 5 of the Dungeon
  7720 | D:5      | Reached skill level 1 in Armour
  7720 | D:5      | Reached XP level 8. HP: 38/55 MP: 0/0
  8016 | D:5      | Reached skill level 6 in Spellcasting
  8561 | D:6      | Found a transporter.
  8856 | D:6      | Found a one-way gate to the infinite horrors of the Abyss.
  8856 | D:6      | Noticed bnorton916's ghost (novice DEFE)
  8881 | D:6      | Reached XP level 9. HP: 58/61 MP: 0/0
  8881 | D:6      | Learned a level 4 spell: Summon Ice Beast
  8918 | D:6      | Found a transporter.
  8947 | D:6      | Reached skill level 7 in Spellcasting
 10803 | D:7      | Found a staircase to the Ecumenical Temple.
 10803 | D:7      | Noticed Dowan
 10807 | D:7      | Noticed Duvessa
 10810 | D:7      | Killed Dowan
 10815 | D:7      | Killed Duvessa
 10816 | D:7      | Reached skill level 8 in Spellcasting
 11051 | Temple   | Entered the Ecumenical Temple
 11571 | Temple   | Became a worshipper of Gozag Ym Sagoz the Greedy
 12258 | D:7      | Reached skill level 5 in Fighting
 12258 | D:7      | Reached XP level 10. HP: 69/70 MP: 0/0
 12922 | D:8      | Identified the +0 cloak of Tulips {Regen+}
 13322 | D:9      | Noticed a gargoyle
 13328 | D:9      | Killed a gargoyle
 13329 | D:9      | Reached skill level 9 in Spellcasting
 13418 | D:9      | Found Tuekiree's Magic Scroll Shoppe.
 13455 | D:9      | Noticed a two-headed ogre
 13478 | D:9      | Killed a two-headed ogre
 13544 | D:9      | Bought a scroll of identify for 34 gold pieces
 13544 | D:9      | Bought a scroll of enchant weapon for 127 gold pieces
 13544 | D:9      | Bought a scroll of fog for 34 gold pieces
 13544 | D:9      | Bought 2 scrolls of fear for 119 gold pieces
 13544 | D:9      | Bought a scroll of blinking for 127 gold pieces
 13700 | D:9      | Found Nafys's Antique Armour Shop.
 13881 | D:9      | Found Diuv's Weapon Emporium.
 14167 | D:10     | Entered Level 10 of the Dungeon
 14465 | D:10     | Noticed a death yak
 14473 | D:10     | Noticed a death yak
 14480 | D:10     | Noticed a death yak
 14487 | D:10     | Killed a death yak
 14488 | D:10     | Reached skill level 10 in Spellcasting
 14488 | D:10     | Reached XP level 11. HP: 67/78 MP: 0/0
 14488 | D:10     | Learned a level 5 spell: Fireball
 14505 | D:10     | Killed a death yak
 14580 | D:9      | Killed a death yak
 14722 | D:10     | Found a staircase to the Lair.
 15204 | Lair:1   | Entered Level 1 of the Lair of Beasts
 15863 | Lair:1   | Noticed a four-headed hydra
 15868 | Lair:1   | Killed a four-headed hydra
 15869 | Lair:1   | Reached skill level 11 in Spellcasting
 15909 | Lair:1   | Reached skill level 1 in Shields
 15932 | Lair:1   | Noticed an oklob plant
 15937 | Lair:1   | Killed an oklob plant
 16092 | Lair:1   | You are sucked into a shaft and drop 1 floor!
 16598 | Lair:2   | Reached XP level 12. HP: 59/86 MP: 0/0
 17512 | Lair:3   | Reached skill level 1 in Long Blades
 17517 | Lair:3   | Reached skill level 12 in Spellcasting
 17709 | Lair:3   | Reached skill level 5 in Armour
 18284 | Lair:3   | Noticed a six-headed hydra
 18288 | Lair:3   | Killed a six-headed hydra
 18570 | Lair:3   | Found a hole to the Spider Nest.
 18981 | Lair:4   | Noticed a boulder beetle
 18982 | Lair:4   | Found a hide-covered altar of Uskayaw.
 18982 | Lair:4   | Found an ornate altar of the Wu Jian Council.
 18996 | Lair:4   | Killed a boulder beetle
 19133 | Lair:4   | Reached skill level 13 in Spellcasting
 19133 | Lair:4   | Reached XP level 13. HP: 92/94 MP: 0/0
 19133 | Lair:4   | Learned a level 5 spell: Summon Forest
 19273 | Lair:4   | Noticed a six-headed hydra
 19281 | Lair:4   | Killed a six-headed hydra
 19697 | Lair:4   | Found a staircase to the Shoals.
 20156 | Lair:5   | Noticed a six-headed hydra
 20161 | Lair:5   | Killed a six-headed hydra
 20288 | Lair:5   | Noticed Urug
 20295 | Lair:5   | Killed Urug
 20296 | Lair:5   | Reached skill level 10 in Fighting
 20454 | Lair:5   | Found a staircase to the Slime Pits.
 20454 | Lair:5   | Found a viscous altar of Jiyva.
 20470 | Lair:5   | Reached skill level 14 in Spellcasting
 21095 | D:9      | Bought a scroll of acquirement for 884 gold pieces
 21165 | D:9      | Bought the +8 flail of Conversion {flame, rF- Will+ MP+9
                  | Int+7} for 940 gold pieces
 21325 | D:9      | Bought a scroll of enchant armour for 127 gold pieces
 21325 | D:9      | Acquired 849 gold pieces
 21331 | D:9      | Bought a scroll of enchant weapon for 127 gold pieces
 21435 | D:6      | Killed bnorton916's ghost
 21945 | Spider:1 | Entered Level 1 of the Spider Nest
 22159 | Spider:1 | Noticed Aizul
 22334 | Spider:1 | Noticed Agnes
 22470 | Lair:3   | Killed Aizul
 22618 | Lair:3   | Killed Agnes
 22619 | Lair:3   | Reached XP level 14. HP: 65/103 MP: 0/0
 23541 | Spider:1 | You are sucked into a shaft and drop 1 floor!
 23548 | Spider:2 | Noticed an entropy weaver
 23558 | Spider:2 | Killed an entropy weaver
 23582 | Spider:2 | HP: 3/103 [disintegration (30)]
 23586 | Spider:2 | Reached skill level 15 in Spellcasting
 23870 | Spider:2 | Noticed an entropy weaver
 23902 | Spider:2 | Killed an entropy weaver
 24331 | Spider:2 | Mangled by a redback

Illustrated notes

Levels and vault maps discovered:
D:1:      scummos_arrival_star, layout_loops_ring
D:2:      layout_loops_ring, basic_altar, uniq_natasha
D:3:      layout_rooms, mainiacjoe_overflow_alcove_1, serial_shops,
          nicolae_shop_behind_doors, nicolae_shop_waterfront, shop,
          hellmonk_ecumenical_altar_watching_god, uniq_ijyb
D:4:      layout_basic
D:5:      layout_loops_ring, hex_medium, dk_noncrumbling_3,
          kennysheep_cluttered_room
D:6:      layout_basic, gammafunk_ghost_abyssal_escape
D:7:      layout_loops_corners, temple_fountains, moated_statue, uniq_duvessa
D:8:      layout_cave_pools
D:9:      hellmonk_destroyed_diamonds, layout_basic, serial_shops,
          nicolae_shop_bloodbath_and_beyond, shop, nicolae_shop_trees
D:10:     layout_basic, dpeg_lair_monsters
Temple:   mainiacjoe_temple_starburst
Lair:1:   lemuel_slime, layout_gridlike, grunt_megastairs_5,
          lemuel_fruit_fields, lemuel_fruit_fields, serial_bayou_shore_b
Lair:2:   layout_chaotic_city, grunt_megastairs_2
Lair:3:   layout_cave_pods, hellmonk_spider_entry_life_and_decay,
          grunt_forest_large_clearings
Lair:4:   layout_long_grid, shoals_dummy_entry, nzn_masters_of_martial_movement
Lair:5:   layout_misc_corridors, slime_altar_1, grunt_megastairs_3,
          lemuel_fruit_tree, uniq_urug
Spider:1: layout_spider_delve, uniq_nikola, uniq_aizul, uniq_agnes
Spider:2: layout_spider_delve

Skill      XL: |  1  2  3  4  5  6  7  8  9 10 11 12 13 14 |
---------------+-------------------------------------------+-----
Stealth        | 2 3 4 |  4.5
Spellcasting   | 3 4 5 6 8 10 11 13 14 15 | 15.3
Fighting       | 1 2 3 5 6 8 9 10 11 | 11.0
Armour         | 1 3 4 5 6 |  6.0
Shields        | 1 2 |  2.9
Dodging        | 3 4 |  4.7
Long Blades    | 2 |  2.2
Maces & Flails | |  0.2
Evocations     | |  0.7

Action                   |  1- 3 |  4- 6 |  7- 9 | 10-12 | 13-15 || total
-------------------------+-------+-------+-------+-------+-------++-------
Melee: Whip              |       |     1 |       |     4 |       ||     5
       Great sword       |       |       |       |    55 |       ||    55
       Flail             |       |       |       |       |     7 ||     7
 Cast: Foxfire           |    41 |    21 |    26 |   102 |   144 ||   334
       Scorch            |    13 |    15 |    31 |    60 |    22 ||   141
       Sandblast         |       |     4 |     5 |     1 |    12 ||    22
       Poisonous Vapours |       |    41 |    53 |   125 |    69 ||   288
       Inner Flame       |       |     2 |    30 |    31 |    10 ||    73
       Passwall          |       |       |     3 |       |       ||     3
       Conjure Flame     |       |       |     9 |     4 |       ||    13
       Summon Ice Beast  |       |       |     8 |    49 |    55 ||   112
       Fireball          |       |       |       |    27 |    26 ||    53
       Summon Forest     |       |       |       |       |    26 ||    26
Evoke: Wand              |       |       |     3 |     1 |     1 ||     5
  Use: Scroll            |       |       |       |    17 |    10 ||    27
       Potion            |       |       |       |     1 |     6 ||     7
 Stab: Sleeping          |       |       |       |     1 |       ||     1
Armor: Robe              |     1 |     1 |       |       |       ||     2
       Leather armour    |       |       |     6 |    34 |    36 ||    76
Dodge: Dodged            |     3 |     5 |     7 |    89 |    83 ||   187
Block: Other             |       |       |     1 |    32 |    35 ||    68
       Reflection        |       |       |       |     1 |     1 ||     2
